 Dungeon Sprint DCSS version 0.23-a0-171-g5ae17c6 (webtiles) character file.

95 Fang the Skirmisher (level 4, -13/48 HPs)
             Began as a Gargoyle Berserker on Sept 14, 2018.
             Was a Follower of Trog.
             Killed from afar by a wretched star (35 damage)
             ... with an orb of energy
             ... in the Dungeon (Sprint V: "Ziggurat Sprint").
             The game lasted 00:01:03 (129 turns).

Fang the Skirmisher (Gargoyle Berserker)             Turns: 129, Time: 00:01:04

Health: -13/48     AC: 10    Str: 38    XL:     4   Next: 66%
Magic:  4/4        EV: 12    Int: 11    God:    Trog [*.....]
Gold:   0          SH:  0    Dex:  9    Spells: 3/3 levels left

rFire    . . .     SeeInvis .   k - +5 executioner's axe
rCold    . . .     Gourm    .   (shield currently unavailable)
rNeg     + . .     Faith    .   a - +1 ring mail of the Wary Dances {Int+3}
rPois    ∞         Spirit   .   (no helmet)
rElec    +         Reflect  .   (no cloak)
rCorr    .         Harm     .   (no gloves)
MR       .....     NoTele   +   (no boots)
Stlth    ..........             (no amulet)
HPRegen  0.16/turn              D - +6 ring of strength
MPRegen  0.09/turn              E - +6 ring of strength

@: berserking, very quick
A: negative energy resistance 1, electricity resistance, unbreathing,
petrification resistance, rot immunity, AC +3
a: Berserk, Renounce Religion


You were in the Dungeon.
You worshipped Trog.
Trog was aware of your devotion.
You were not hungry.

You visited 1 branch

Inventory:

Hand Weapons
 k - a +5 executioner's axe (weapon)
Armour
 a - the +1 ring mail of the Wary Dances (worn) {Int+3}
   (You found it in the Dungeon)

   It affects your intelligence (+3).
 j - +5 shadow dragon scales
Jewellery
 D - a +6 ring of strength (left hand)
 E - a +6 ring of strength (right hand)
Wands
 w - a wand of disintegration (7)
 x - a wand of iceblast (7)
 y - a wand of acid (7)
Scrolls
 i - 4 scrolls of blinking
 l - 7 scrolls of fog
 m - a scroll of holy word
 n - 5 scrolls of identify
 o - 4 scrolls of remove curse
 p - 2 scrolls of fear
Potions
 d - 10 potions of curing
 e - 10 potions of heal wounds
 f - 6 potions of haste
 g - 7 potions of magic
 h - 3 potions of berserk rage
 q - 2 potions of brilliance
 r - 2 potions of invisibility
 s - 4 potions of resistance
 t - a potion of experience
 u - 5 potions of agility
 v - 5 potions of might
Comestibles
 c - 7 rations


   Skills:
 + Level 6.4 Fighting
 + Level 6.0 Axes
 + Level 3.9 Armour
 + Level 2.7 Dodging


You had 3 spell levels left.
You didn't know any spells.
Your spell library was empty.

Dungeon Overview and Level Annotations

Branches:
Dungeon (1/1)

Altars:
Ashenzari
Cheibriados
Dithmenos
Elyvilon
Fedhas
Gozag
Hepliaklqana
Kikubaaqudgha
Makhleb
Nemelex Xobeh
Okawaru
Qazlal
Ru
Sif Muna
Trog
Uskayaw
Vehumet
Wu Jian
Xom
Yredelemnul
Zin
The Shining One
Beogh
Jiyva
Lugonu

Annotations:
D 1 transporter


Innate Abilities, Weirdness & Mutations

You are resistant to torment.
Your stone body is resilient. (AC +3)
You are immune to poison.
You resist negative energy. (rN+)
You are resistant to electric shocks. (rElec)
You can survive without breathing.
You are immune to petrification.
You are immune to rotting.


Message History

You continue putting on the +1 ring mail of the Wary Dances {Int+3}. x4
You finish putting on the +1 ring mail of the Wary Dances {Int+3}.
You see here the Catalogue of Flames and Transmutation.
There is a transporter here.
You start waiting.
You recover from your berserk rage.
Welcome to arena 2.
You enter the transporter and appear at another place.
A golden eye, a shadow imp and a wretched star come into view.
The golden eye turns its gaze towards you.
The wretched star glows turbulently.
The orb of energy hits you!
Ouch! That really hurt!
Found three items.
Found a transporter.
A red film seems to cover your vision as you go berserk!
You feel yourself moving faster!
You feel mighty!
You feel a lot more hungry.
The wretched star glows turbulently.
The orb of energy hits you!
Ouch! That really hurt!
You die...

▓▓▓▓▓▓▓▓▓▓▓▓▓
▓.8©8.▓.8©8.▓
▓.)::.▓.....▓
▓..*5.▓...:.▓
▓.G...▓.....▓
▓.....▓...†.▓
▓.....▓..©..▓
▓..@..▓▓▓▓▓▓▓
▓▓▓▓▓▓▓


You could see a wretched star, a golden eye and a shadow imp.

Vanquished Creatures
  2 scorpions (D)
2 creatures vanquished.

Notes
Turn   | Place    | Note
-------+----------+-------------------------------------------
     0 | D        | Found the +6 Majin-Bo {vamp, Archmagi MP+6 Int+6}
     0 | D        | Found the +7 great mace "Firestarter" {inner flame, rF++}
     0 | D        | Fang the Gargoyle Berserker began the quest for the Orb.
     0 | D        | Reached XP level 1. HP: 14/14 MP: 1/1
     3 | D        | Found a blossoming altar of Fedhas.
     4 | D        | Found a viscous altar of Jiyva.
     4 | D        | Found a hazy altar of Hepliaklqana.
     4 | D        | Found a transporter.
     4 | D        | Found an opulent altar of Gozag.
     4 | D        | Found an ancient bone altar of Kikubaaqudgha.
     4 | D        | Found a corrupted altar of Lugonu.
    19 | D        | Found a burning altar of Makhleb.
    20 | D        | Found a sacrificial altar of Ru.
    20 | D        | Found a stormy altar of Qazlal.
    20 | D        | Found a deep blue altar of Sif Muna.
    20 | D        | Found an iron altar of Okawaru.
    20 | D        | Found a bloodstained altar of Trog.
    20 | D        | Found a sparkling altar of Nemelex Xobeh.
    74 | D        | Entered arena 2.
    74 | D        | Noticed a scorpion
    74 | D        | Noticed a scorpion
    74 | D        | Found a transporter.
    78 | D        | Killed a scorpion
    78 | D        | Reached skill level 5 in Fighting
    78 | D        | Reached skill level 5 in Axes
    78 | D        | Reached XP level 2. HP: 21/21 MP: 2/2
    78 | D        | Reached XP level 3. HP: 26/26 MP: 3/3
    81 | D        | Killed a scorpion
    81 | D        | Reached XP level 4. HP: 32/32 MP: 4/4
    86 | D        | Got the cursed +1 ring mail of the Wary Dances {Int+3}
   128 | D        | Entered arena 3.
   128 | D        | Noticed a golden eye
   128 | D        | Noticed a wretched star
   128 | D        | Found a transporter.
   129 | D        | Killed from afar by a wretched star

Vault maps used:
D:        sprint_v

Skill      XL: |  1  2  3 |
---------------+----------+-----
Fighting       | 5 6 |  6.4
Axes           | 5 6 |  6.0
Armour         | 3 |  3.9
Dodging        | 2 |  2.7

Action                   |  1- 3 |  4- 6 || total
-------------------------+-------+-------++-------
Melee: Executioner's axe |     6 |       ||     6
Invok: Berserk           |     1 |     1 ||     2
  Use: Scroll            |       |     1 ||     1
Armor: Shadow dragon sca |     3 |       ||     3
Dodge: Dodged            |     3 |       ||     3

Table legend:
 A = Non-vault XP
 B = Vault XP
 C = Vault XP percentage of total XP
 D = Non-vault monster count
 E = Vault monster count
 F = Vault count percentage of total count
                 A         B        C        D         E       F
            +---------+---------+-------+---------+---------+-------
      Total |       0 |     137 | 100.0 |       0 |       2 | 100.0
            +---------+---------+-------+---------+---------+-------
          D |       0 |     137 | 100.0 |       0 |       2 | 100.0
            +---------+---------+-------+---------+---------+-------
